 Dungeon Crawl Stone Soup version 0.20.0-8-g6b59dc7 (webtiles) character file.

20909 mike2R the Arsonist (level 12, -7/76 HPs)
             Began as a Deep Elf Fire Elementalist on June 1, 2017.
             Was a High Priest of Sif Muna.
             Mangled by an eight-headed hydra (11 damage)
             ... on level 2 of the Lair of Beasts on June 2, 2017.
             The game lasted 02:08:43 (18907 turns).

mike2R the Arsonist (Deep Elf Fire Elementalist)   Turns: 18907, Time: 02:08:44

Health: -7/76      AC: 12    Str:  5    XL:     12   Next: 49%
Magic:  14/27      EV: 16    Int: 26    God:    Sif Muna [*****.]
Gold:   811        SH:  0    Dex: 18    Spells: 1/29 levels left

rFire    . . .     SeeInvis +   a - +2 spear (venom)
rCold    . . .     Gourm    .   (no shield)
rNeg     + . .     Faith    +   C - +2 robe {rN+}
rPois    .         Spirit   .   v - +2 helmet {SInv}
rElec    .         Reflect  .   (no cloak)
rCorr    .         Harm     .   p - +0 pair of gloves
MR       +....                  o - +2 pair of boots
Stlth    +++.......             J - amulet of faith
Regen    0.3/turn               h - ring of stealth
MPRegen  0.2/turn               P - +3 ring of dexterity

@: very slightly contaminated
A: shaggy fur 1, sturdy frame 1
a: Divine Energy, Channel Magic, Forget Spell, Renounce Religion


You were on level 2 of the Lair of Beasts.
You worshipped Sif Muna.
Sif Muna was extremely pleased with you.
You were not hungry.

You visited 3 branches of the dungeon, and saw 13 of its levels.
You also visited: Ossuary.

You collected 811 gold pieces.

Inventory:

Hand Weapons
 a - a +2 spear of venom (weapon)
 b - a +1 dagger of holy wrath
Missiles
 I - 6 tomahawks (quivered)
Armour
 o - a +2 pair of boots (worn)
 p - a +0 pair of gloves (worn)
 v - a +2 helmet of see invisible (worn)
 C - a +2 robe of positive energy (worn)
Jewellery
 g - an uncursed ring of ice
 h - a ring of stealth (left hand)
 y - an uncursed amulet of magic regeneration {unknown}
 J - an amulet of faith (around neck)
 P - a +3 ring of dexterity (right hand)
Wands
 w - a wand of iceblast (9/15)
 D - a wand of polymorph (9/24)
 T - a wand of lightning (2/15)
Scrolls
 d - a scroll of blinking
 e - a scroll of teleportation
 j - 3 scrolls of fog
 n - a scroll of summoning {unknown}
 q - a scroll of random uselessness {unknown}
 t - a scroll of amnesia {unknown}
 u - a scroll of fear {unknown}
 A - 2 scrolls of magic mapping
 F - a scroll of immolation {unknown}
 L - a scroll of remove curse
Potions
 f - 3 potions of brilliance
 i - a potion of cancellation
 m - a potion of flight
 s - a potion of magic
 x - 2 potions of agility
Books
 r - a book of Frost

   Spells                             Type                      Level
   a - Freeze                         Ice                          1
   b - Throw Frost                    Conjuration/Ice              2
   c - Ozocubu's Armour               Charms/Ice                   3
   d - Throw Icicle                   Conjuration/Ice              4
   e - Summon Ice Beast               Ice/Summoning                4
Comestibles
 c - 8 bread rations
 k - 5 fruits
 l - 18 royal jellies
 z - 2 chunks of flesh
 M - 3 meat rations


   Skills:
 - Level 9.0 Fighting
 - Level 6.0 Dodging
 - Level 2.4 Stealth
 - Level 9.2 Spellcasting
 + Level 10.5 Conjurations
 - Level 7.4 Hexes
 + Level 11.1 Fire Magic
 - Level 7.3 Invocations


You had one spell level left.
You knew the following spells:

 Your Spells              Type           Power        Failure   Level  Hunger
a - Flame Tongue          Conj/Fire      #####        1%          1    None
b - Throw Flame           Conj/Fire      ######       1%          2    None
c - Conjure Flame         Conj/Fire      ######..     1%          3    None
d - Inner Flame           Hex/Fire       ######..     1%          3    None
e - Sticky Flame          Conj/Fire      ######..     1%          4    #......
f - Fireball              Conj/Fire      ######....   1%          5    ####...
g - Tukima's Dance        Hex            ######..     1%          3    None
h - Regeneration          Chrm/Necr      ##........   16%         3    None
i - Cause Fear            Hex            ######....   2%          4    #......


Dungeon Overview and Level Annotations

Branches:
Dungeon (10/15)            Temple (1/1) D:4            Lair (2/6) D:10
 Spider (0/4) Lair:2
  Swamp: Lair:2-4    Shoals: Lair:2-4       Orc: D:9-12

Altars:
Ashenzari
Cheibriados
Dithmenos
Elyvilon
Fedhas
Gozag
Hepliaklqana
Kikubaaqudgha
Makhleb
Nemelex Xobeh
Okawaru
Qazlal
Ru
Sif Muna
Trog
Uskayaw
Vehumet
Xom
Yredelemnul
Zin
The Shining One

Shops:
D:8 (


Innate Abilities, Weirdness & Mutations

You are covered in fur. (AC +1)
Your movements are slightly less encumbered by armour. (ER -2)


Message History

The eight-headed hydra bites you!
* * * LOW HITPOINT WARNING * * *
The eight-headed hydra bites you but does no damage.
The eight-headed hydra completely misses you.
The eight-headed hydra closely misses you.
The eight-headed hydra completely misses you.
The eight-headed hydra burns!
The eight-headed hydra burns!
The eight-headed hydra stops burning.
Casting: Sticky Flame
Confirm with . or Enter, or press ? or * to list all spells.
Aiming: Fireball
Press: ? - help, Shift-Dir - straight line, f/p - eight-headed hydra
Aim: an eight-headed hydra (almost dead)
You miscast Fireball.
You are very lightly contaminated with residual magic.
You feel a strange surge of energy!
The eight-headed hydra barely misses you.
The eight-headed hydra closely misses you.
The eight-headed hydra bites you!
You die...

...#.#...##.#.......
..##...........#...(#.....
..P..........P.##.........
............#..........#.
...#......#..............#
#P.##...........#..#...P..
#.#......#...P.##.#...#..
##.................#...P..
#..##.P.......D@<.........
.#..##...#...#.P>.....#.P.P
.#..#......P.#......#.#..
.......#.#...P......#.....
....##.#.......≈≈≈.≈≈≈....
.##.##........≈.≈≈.≈≈.≈.#.
.#............≈≈.≈.≈.≈≈...
.........#....≈≈≈...≈≈≈...
......÷#..........>.......


You could see an eight-headed hydra.

Vanquished Creatures
  Josephine (D:10)
  Harold (Lair:1)
  3 two-headed ogres
  Sonja (D:10)
  Urug (D:10)
  Pikel (D:4)
  Joseph (D:10)
  An elephant (D:10)
  A black mamba (Lair:1)
  A spiny frog (Lair:2)
  A queen bee (D:9)
  2 trolls
  5 hippogriffs
  5 wraiths
  A redback (Lair:2)
  12 yaks
  4 hogs (D:10)
  A basilisk (D:10)
  A human (D:10)
  2 hungry ghosts (D:10)
  Edmund (D:5)
  The ghost of newuser the Gusty, an amateur KoAE (D:3)
  7 water moccasins
  9 porcupines
  4 orc warriors
  A black bear (D:9)
  An ice beast (D:10)
  2 sky beasts
  6 phantoms
  An ogre (D:9)
  7 wolves
  An eye of draining (D:9)
  3 centaurs
  2 crocodiles
  2 big kobolds
  8 bullfrogs
  An elf zombie (Ossuary)
  A wyvern skeleton (D:7)
  3 scorpions
  31 killer bees
  2 crimson imps (D:6)
  7 centaur zombies
  4 bullfrog zombies
  4 jellies
  9 orc priests
  5 hounds
  3 bullfrog skeletons
  2 centaur skeletons
  2 human zombies (Ossuary)
  A gnoll shaman (D:4)
  4 iguanas
  Jessica (D:3)
  14 orc wizards
  Terence (D:3)
  8 worker ants
  A big kobold zombie (Ossuary)
  A hound zombie (D:9)
  2 hound skeletons
  3 mummies (Ossuary)
  A howler monkey zombie (D:8)
  Robin (D:4)
  11 gnolls
  7 adders
  6 shadow imps
  2 oozes
  4 adder zombies
  2 adder skeletons
  2 worms
  2 dart slugs
  5 leopard geckos
  33 orcs
  7 bats
  2 giant cockroaches
  2 gnoll zombies (Ossuary)
  13 goblins
  8 hobgoblins
  13 jackals
  4 quokkas
  A ball python skeleton (D:4)
  A frilled lizard (D:3)
  4 goblin zombies (Ossuary)
  8 hobgoblin zombies (Ossuary)
  2 jackal zombies (Ossuary)
  14 kobolds
  3 kobold zombies (Ossuary)
  2 leopard gecko zombies
  An orc zombie (Ossuary)
  2 quokka skeletons (D:4)
  A quokka zombie (D:5)
  3 rats (D:1)
  6 rat zombies (Ossuary)
385 creatures vanquished.

Vanquished Creatures (others)
  A slave (D:4)
  An ogre (D:4)
  2 fungi
4 creatures vanquished.

Grand Total: 389 creatures vanquished

Notes
Turn   | Place    | Note
-------+----------+-------------------------------------------
     0 | D:1      | mike2R the Deep Elf Fire Elementalist began the quest for the Orb.
     0 | D:1      | Reached XP level 1. HP: 10/10 MP: 6/6
   268 | D:1      | Reached XP level 2. HP: 15/15 MP: 6/8
   273 | D:1      | Learned a level 2 spell: Throw Flame
   738 | D:1      | Reached skill level 4 in Fire Magic
   978 | D:2      | Reached XP level 3. HP: 19/19 MP: 3/9
   983 | D:2      | Learned a level 3 spell: Conjure Flame
  1676 | D:3      | Noticed Terence
  1855 | D:3      | Killed Terence
  1855 | D:3      | Reached XP level 4. HP: 24/24 MP: 0/11
  1860 | D:3      | Learned a level 3 spell: Inner Flame
  2031 | D:3      | Noticed Jessica
  2038 | D:3      | Killed Jessica
  2116 | D:3      | Identified Jessica's Catalogue of Aid
  2268 | D:3      | Noticed newuser's ghost (amateur KoAE)
  2628 | D:3      | Killed newuser's ghost
  2628 | D:3      | Reached skill level 5 in Fire Magic
  2628 | D:3      | Reached XP level 5. HP: 10/28 MP: 4/13
  3155 | D:3      | Reached XP level 6. HP: 32/32 MP: 10/15
  3176 | D:3      | Reached skill level 5 in Spellcasting
  3603 | D:3      | Learned a level 4 spell: Sticky Flame
  4080 | D:4      | Reached skill level 6 in Fire Magic
  4080 | D:4      | Reached XP level 7. HP: 26/36 MP: 6/17
  4196 | D:4      | Learned a level 5 spell: Fireball
  4243 | D:4      | Noticed Robin
  4247 | D:4      | Killed Robin
  4434 | D:4      | Reached skill level 5 in Conjurations
  4919 | D:4      | Reached skill level 7 in Fire Magic
  4959 | D:4      | Found a sacrificial altar of Ru.
  4969 | D:4      | Found a sparkling altar of Nemelex Xobeh.
  4981 | D:4      | Found a staircase to the Ecumenical Temple.
  4990 | Temple   | Entered the Ecumenical Temple
  5033 | Temple   | Became a worshipper of Sif Muna the Loreminder
  5550 | D:4      | Noticed Pikel
  5556 | D:4      | Killed Pikel
  5556 | D:4      | Reached * piety under Sif Muna
  5556 | D:4      | Reached skill level 8 in Fire Magic
  5556 | D:4      | Reached XP level 8. HP: 29/41 MP: 5/19
  5994 | D:5      | Entered Level 5 of the Dungeon
  6175 | D:5      | Found a sand-covered staircase.
  6182 | Ossuary  | Entered an ossuary
  6524 | Ossuary  | Gained mutation: You are occasionally teleported next to monsters. [potion of mutation]
  6524 | Ossuary  | Gained mutation: Your spells are a little harder to cast, but a little more powerful. [potion of mutation]
  6524 | Ossuary  | Gained mutation: You have large cloven feet. [potion of mutation]
  6525 | Ossuary  | Lost mutation: You have large cloven feet. [potion of mutation]
  6525 | Ossuary  | Gained mutation: Your body sometimes deteriorates upon taking damage. [potion of mutation]
  6525 | Ossuary  | Gained mutation: You are robust. (+10% HP) [potion of mutation]
  6687 | Ossuary  | Reached ** piety under Sif Muna
  6687 | Ossuary  | Reached skill level 9 in Fire Magic
  7099 | D:5      | Found a burning altar of Makhleb.
  7152 | D:5      | Reached XP level 9. HP: 49/49 MP: 13/20
  7901 | D:6      | Noticed Edmund
  7927 | D:5      | Killed Edmund
  8206 | D:6      | Reached skill level 10 in Fire Magic
  8222 | D:6      | Reached *** piety under Sif Muna
  8832 | D:6      | Reached skill level 1 in Fighting
  9279 | D:7      | Reached skill level 5 in Dodging
 10216 | D:8      | Reached XP level 10. HP: 32/61 MP: 0/21
 10455 | D:8      | Found an ancient bone altar of Kikubaaqudgha.
 10587 | D:8      | Reached skill level 1 in Invocations
 10751 | D:8      | Found Juzuar's Weapon Shop.
 11713 | D:9      | Noticed a two-headed ogre
 11721 | D:9      | Killed a two-headed ogre
 11721 | D:9      | Reached skill level 5 in Fighting
 11977 | D:9      | Reached skill level 5 in Invocations
 12345 | D:9      | HP: 3/66 [poisoned by a killer bee]
 12350 | D:9      | HP: 2/66 [poisoned by a killer bee]
 12358 | D:9      | HP: 2/66 [poisoned by a killer bee]
 12777 | D:9      | Noticed a two-headed ogre
 12784 | D:9      | Killed a two-headed ogre
 12784 | D:9      | Reached XP level 11. HP: 69/72 MP: 9/22
 12937 | D:10     | Entered Level 10 of the Dungeon
 13071 | D:10     | Found a staircase to the Lair.
 13076 | D:10     | Noticed Sonja
 13084 | D:9      | Reached **** piety under Sif Muna
 13595 | D:10     | Reached skill level 1 in Hexes
 13905 | D:10     | Noticed Josephine
 13908 | D:10     | Killed Sonja
 13912 | D:10     | Killed Josephine
 14343 | D:10     | Reached skill level 5 in Hexes
 14966 | D:10     | Noticed Urug
 14972 | D:10     | Learned a level 3 spell: Tukima's Dance
 15013 | D:10     | Killed Urug
 15024 | D:10     | Noticed Joseph
 15287 | D:10     | Killed Joseph
 16056 | D:10     | Lost mutation: Your body sometimes deteriorates upon taking damage. [potion of mutation]
 16056 | D:10     | Lost mutation: You are occasionally teleported next to monsters. [potion of mutation]
 16056 | D:10     | Lost mutation: Your spells are a little harder to cast, but a little more powerful. [potion of mutation]
 16056 | D:10     | Lost mutation: You are robust. (+10% HP) [potion of mutation]
 16056 | D:10     | Gained mutation: Your movements are slightly less encumbered by armour. (ER -2) [potion of mutation]
 16056 | D:10     | Gained mutation: You are covered in fur. (AC +1) [potion of mutation]
 16248 | D:10     | Noticed a two-headed ogre
 16262 | D:10     | Killed a two-headed ogre
 16262 | D:10     | Reached XP level 12. HP: 75/75 MP: 6/23
 16591 | Lair:1   | Entered Level 1 of the Lair of Beasts
 16645 | Lair:1   | Reached ***** piety under Sif Muna
 16757 | Lair:1   | Reached skill level 10 in Conjurations
 17791 | Lair:1   | Learned a level 3 spell: Regeneration
 18009 | Lair:1   | Noticed Harold
 18026 | Lair:1   | Killed Harold
 18033 | Lair:1   | Learned a level 4 spell: Cause Fear
 18426 | Lair:2   | Received a gift from Sif Muna
 18452 | Lair:2   | Found a hole to the Spider Nest.
 18558 | Lair:2   | Reached skill level 11 in Fire Magic
 18885 | Lair:2   | Noticed an eight-headed hydra
 18899 | Lair:2   | HP: 2/76 [eight-headed hydra (9)]
 18907 | Lair:2   | Mangled by an eight-headed hydra

Skill      XL: |  1  2  3  4  5  6  7  8  9 10 11 12 |
---------------+-------------------------------------+-----
Conjurations   | 2 3 4 7 8 9 10 | 10.5
Fire Magic     | 4 5 6 8 9 10 11 | 11.1
Spellcasting   | 4 5 6 9 |  9.2
Dodging        | 5 6 |  6.0
Fighting       | 3 6 8 9 |  9.0
Invocations    | 6 7 |  7.3
Hexes          | 7 |  7.4
Stealth        | |  2.4

Action                   |  1- 3 |  4- 6 |  7- 9 | 10-12 || total
-------------------------+-------+-------+-------+-------++-------
Melee: Club              |     1 |       |       |       ||     1
       Spear             |       |    17 |    90 |   129 ||   236
       Whip              |       |       |       |    19 ||    19
       Dagger            |       |       |       |    18 ||    18
Throw: Stone             |     1 |     1 |     4 |       ||     6
       Tomahawk          |       |       |       |     4 ||     4
 Cast: Flame Tongue      |    46 |    39 |   175 |   118 ||   378
       Throw Flame       |     9 |    24 |    37 |   156 ||   226
       Conjure Flame     |     3 |    10 |    11 |    10 ||    34
       Inner Flame       |       |     6 |    24 |    14 ||    44
       Sticky Flame      |       |     1 |    23 |    81 ||   105
       Fireball          |       |       |     8 |    33 ||    41
       Tukima's Dance    |       |       |       |     1 ||     1
       Cause Fear        |       |       |       |     3 ||     3
Invok: Divine Energy     |       |       |     2 |     3 ||     5
       Stop Divine Energ |       |       |     1 |     4 ||     5
       Channel Magic     |       |       |       |     2 ||     2
Evoke: Wand              |       |       |       |     7 ||     7
  Use: Scroll            |     2 |     7 |    10 |     6 ||    25
       Potion            |       |     1 |     2 |    10 ||    13
 Stab: Sleeping          |       |       |     2 |     5 ||     7
  Eat: Chunk             |     2 |     5 |    17 |    29 ||    53
       Royal jelly       |     1 |     1 |     1 |     7 ||    10
       Meat ration       |       |       |     1 |       ||     1
       Fruit             |       |       |       |     4 ||     4
Armor: Robe              |     4 |    10 |    59 |    82 ||   155
Dodge: Dodged            |     8 |     4 |    98 |   303 ||   413
